Map: Para Site LE

Players

Xarien

  • Race: Terran Terran
  • League: Diamond
  • Spawn Location: 11:00

StayMelo - Winner!

  • Race: Zerg Zerg
  • League: Diamond
  • Spawn Location: 5:00

VOD

Have the link to the VOD?

Description

Time

  • Played on: Sept. 8, 2018, 7:26 a.m.
  • Length: 16:21
Show
View Real Time Build Order
Export as new Build Order

Xarien Terran 

Build Orders: Reaper Expand, MMM Bio 

Get SALT Encoding   

  12  0:00  SCV  
  13  0:12  SCV  
  14  0:17  Supply Depot  
  14  0:25  SCV  
  15  0:38  SCV  
  15  0:39  Barracks  
  16  0:45  Refinery  
  16  0:50  SCV  
  17  1:03  SCV  
  18  1:15  SCV  
  19  1:27  Orbital Command  
  19  1:28  Reaper  
  20  1:42  Command Center  
  20  1:53  Barracks  
  20  1:57  SCV  
  21  2:08  Barracks Reactor  
  21  2:09  SCV  
  21  2:11  Supply Depot  
  21  2:15  Refinery  
  22  2:21  SCV  
  23  2:34  SCV  
  24  2:45  Marine  
  24  2:46  Marine  
  24  2:48  Marine  
  24  2:50  Factory  
  27  3:05  Marine x2  
  28  3:06  Barracks Tech Lab  
  29  3:13  Orbital Command  
  29  3:15  SCV  
  30  3:24  Supply Depot  
  30  3:27  SCV  
  30  3:34  Marine x2  
  31  3:35  Marine, Stimpack  
  31  3:38  Starport  
  31  3:39  Factory Reactor  
  34  3:46  SCV x2  
  36  3:53  Marine x2  
  37  3:56  Marine  
  38  4:05  Supply Depot  
  38  4:09  SCV x2  
  40  4:12  Marine x2  
  40  4:14  Marine  
  43  4:22  Factory Tech Lab  
  43  4:27  Medivac  
  43  4:28  Engineering Bay  
  43  4:29  Medivac  
  43  4:30  Engineering Bay  
  47  4:35  Marine  
  47  4:36  Marine x2  
  50  4:40  SCV x2  
  52  4:48  Siege Tank  
  55  4:53  Marine  
  55  4:54  Marine x2  
  55  4:59  SCV x2  
  60  5:01  Terran Infantry Weapons Level 1  
  60  5:12  SCV x2  
  62  5:14  Refinery  
  62  5:16  Refinery  
  62  5:23  Supply Depot  
  62  5:35  Supply Depot  
  62  5:38  Supply Depot  
  62  5:44  Medivac, Marine x3  
  62  5:45  SCV x2  
  68  5:57  SCV  
  59  6:02  Marine x2  
  61  6:08  Marine  
  61  6:09  Command Center  
  62  6:12  Barracks  
  62  6:13  Barracks  
  62  6:15  SCV x2  
  64  6:20  Marine x2  
  66  6:27  SCV  
  66  6:31  Marine, Combat Shields  
  68  6:34  Siege Tank  
  68  6:38  Marine x2  
  68  6:39  Terran Infantry Armor Level 1  
  73  6:49  Marine  
  74  6:55  Marine  
  64  7:15  Marine  
  64  7:16  Marine x2  
  64  7:17  Medivac x2, Siege Tank  
  64  7:20  Barracks Reactor  
  64  7:21  Barracks Reactor  
  64  7:22  Supply Depot  
  74  7:43  Marine x2  
  74  7:44  Marine  
  69  7:48  Supply Depot  
  69  7:50  Armory  
  69  7:51  Supply Depot  
  69  8:01  SCV x2, Marine x3  
  74  8:13  SCV  
  74  8:19  Marine x3  
  79  8:20  SCV  
  79  8:25  SCV  
  80  8:27  Marine x4  
  80  8:28  Siege Tank  
  80  8:29  Medivac x2  
  80  8:32  SCV  
  92  8:35  Factory  
  92  8:37  SCV, Marine x3  
  94  8:44  SCV  
  94  8:45  Marine x4  
  86  8:49  SCV  
  86  8:54  Marine  
  86  8:55  Marine x2  
  90  9:03  Marine x4  
  94  9:12  Marine x2  
  94  9:13  Marine  
  97  9:23  Marine x4  
  101  9:24  Medivac, Siege Tank  
  101  9:25  Medivac  
  101  9:30  Marine x3  
  111  9:41  Marine x4, Factory Tech Lab  
  115  9:48  Marine x3  
  115  9:51  Concussive Shells  
  118  9:58  Marine  
  118  9:59  Marine x3  
  118  10:06  Marine x3  
  102  10:14  Siege Tank  
  102  10:16  Marine x3, Siege Tank  
  102  10:17  Medivac x2, Marine  
  102  10:19  Terran Infantry Armor Level 2  
  102  10:20  Terran Infantry Weapons Level 2  
  113  10:24  Marine x3  
  116  10:28  SCV x2  
  116  10:34  Marine x4, Supply Depot x2  
  122  10:40  SCV  
  122  10:41  Marine  
  122  10:42  Marine  
  115  10:53  Marine x5  
  120  10:59  Marine x2  
  122  11:06  SCV x2  
  122  11:11  Marine x5  
  124  11:17  Marine x2  
  131  11:18  SCV  
  131  11:19  SCV  
  101  11:29  Marine x2  
  101  11:30  Marine x3  
  101  11:31  SCV x2  
  88  11:35  Marine x2  
  81  11:40  SCV  
  81  11:47  Marine x2  
  80  11:48  Marine x3  
  80  11:53  Marine x2  
  87  11:55  Medivac  
  87  11:56  Medivac, Siege Tank  
  94  12:04  Marine, Supply Depot  
  94  12:05  Marine  
  94  12:06  Marine x2  
  98  12:14  Marine x3, Siege Tank  
  104  12:22  Marine x2  
  97  12:23  Liberator x2  
  88  12:38  Ghost Academy  
  88  12:39  Ghost Academy  
  92  12:46  Marine  
  92  12:47  Siege Tank x2  
  91  13:01  Terran Ship Weapons Level 1, Marine x6  
  91  13:04  Marine  
  98  13:19  Marine x4  
  96  13:33  Marine  
  96  13:34  Marine x2  
  99  13:37  Marine x4  
  94  13:51  Marine x3  
  94  13:54  Marine  
  94  13:55  Marine x3, Liberator x2  
  98  14:09  Marine x3  
  101  14:12  Marine x2  
  101  14:13  Marine x2  
  101  14:14  Siege Tank  
  114  14:25  SCV x2  
  114  14:27  Marine x2  
  108  15:11  Command Center  
  72  15:32  Marine x7  
  82  15:49  Marine  
  82  15:50  Marine x6  
Show
View Real Time Build Order
Export as new Build Order

StayMelo Zerg - Winner!

Build Orders: Hatch First 

Get SALT Encoding   

  12  0:01  Drone  
  13  0:19  Overlord  
  13  0:21  Drone  
  14  0:38  Drone x2  
  14  0:42  Drone  
  17  0:53  Hatchery  
  16  0:57  Drone  
  16  1:03  Drone  
  18  1:11  Extractor  
  18  1:17  Spawning Pool  
  16  1:20  Drone  
  17  1:27  Drone  
  18  1:40  Drone  
  19  1:48  Overlord  
  19  2:00  Drone  
  20  2:04  Queen  
  20  2:05  Queen  
  20  2:07  Zergling x2  
  25  2:09  Zergling x2  
  25  2:14  Metabolic Boost  
  26  2:18  Zergling x2  
  26  2:20  Drone  
  28  2:30  Overlord  
  28  2:34  Drone  
  29  2:44  Drone x2  
  29  2:50  Drone x2  
  33  2:51  Queen  
  33  2:53  Queen  
  36  3:05  Drone  
  36  3:06  Drone  
  38  3:13  Drone x3  
  38  3:16  Overlord  
  41  3:24  Drone  
  41  3:25  Drone  
  43  3:29  Overlord  
  43  3:35  Hatchery  
  43  3:37  Drone  
  43  3:44  Overlord  
  43  3:47  Queen, Drone  
  46  3:49  Drone x2  
  46  3:53  Overlord  
  46  3:54  Drone  
  46  3:55  Drone  
  50  4:02  Queen  
  52  4:05  Drone x3  
  55  4:13  Overlord  
  55  4:17  Overlord  
  55  4:18  Drone  
  55  4:19  Drone x3  
  55  4:22  Overlord  
  59  4:31  Zergling x2  
  59  4:32  Zergling x2  
  59  4:33  Baneling Nest  
  59  4:35  Evolution Chamber, Zergling x4  
  61  4:42  Queen  
  63  4:47  Zergling x6  
  63  4:48  Zergling x6  
  69  4:54  Overlord  
  69  4:56  Lair  
  69  5:00  Zergling x8  
  73  5:07  Overlord  
  73  5:11  Zergling x6  
  73  5:13  Zerg Ground Armor Level 1  
  76  5:18  Drone x5  
  81  5:29  Drone  
  81  5:30  Drone x6  
  81  5:35  Extractor x2  
  86  5:36  Drone  
  86  5:37  Extractor  
  83  5:58  Baneling x2, Overlord  
  83  6:05  Drone x2  
  83  6:09  Drone x2  
  83  6:10  Drone x2  
  83  6:11  Queen, Drone x3  
  91  6:13  Zergling x14  
  101  6:19  Hatchery  
  101  6:24  Centrifical Hooks  
  100  6:26  Zergling x8  
  100  6:31  Overlord  
  104  6:37  Overlord  
  104  6:39  Overseer  
  104  6:44  Drone x4, Evolution Chamber  
  107  6:50  Zergling x8  
  107  6:53  Drone  
  107  7:09  Baneling x2  
  107  7:10  Baneling x2  
  107  7:14  Drone  
  107  7:15  Drone  
  107  7:17  Zergling x12  
  107  7:18  Zergling x6  
  107  7:20  Zerg Melee Weapons Level 1, Zerg Ground Armor Level 2  
  115  7:35  Zergling x10  
  118  7:57  Queen  
  119  8:06  Zergling x28  
  119  8:10  Queen  
  135  8:19  Infestation Pit  
  134  8:30  Hatchery, Zergling x4  
  135  8:38  Zergling x10  
  135  8:39  Zergling x4  
  135  8:40  Overlord  
  130  8:45  Overlord  
  126  8:56  Hive  
  126  8:57  Zergling x2  
  126  8:58  Zergling x24  
  139  9:06  Overlord  
  139  9:20  Baneling x10  
  139  9:25  Zerg Melee Weapons Level 2  
  139  9:28  Zergling x34  
  139  9:30  Overlord x2  
  151  9:39  Zergling x2  
  151  9:40  Zergling x2  
  151  10:02  Drone  
  151  10:03  Drone x3  
  151  10:04  Drone x2  
  149  10:12  Ultralisk Cavern  
  147  10:18  Drone x2  
  147  10:19  Drone x10  
  159  10:30  Zerg Ground Armor Level 3  
  159  10:32  Adrenal Glands  
  159  10:36  Zergling x32  
  175  11:00  Chitinous Plating  
  175  11:02  Ultralisk  
  175  11:04  Overlord x4  
  181  11:17  Overlord  
  181  11:24  Ultralisk  
  181  11:25  Ultralisk x3  
  172  11:27  Zergling x18  
  146  11:38  Zergling x18  
  130  11:48  Ultralisk  
  130  11:51  Baneling x3  
  130  11:52  Drone x2  
  130  11:53  Drone x3  
  141  12:04  Baneling x3, Extractor  
  141  12:05  Baneling x2, Zergling x12  
  146  12:09  Extractor  
  141  12:29  Ultralisk  
  147  12:52  Ultralisk  
  147  12:54  Zergling x18  
  147  12:55  Zergling x30  
  147  12:57  Hatchery  
  176  12:58  Overseer  
  176  13:03  Drone x3  
  179  13:12  Zerg Melee Weapons Level 3  
  179  13:17  Zergling x8  
  179  13:18  Hatchery  
  182  13:21  Baneling  
  182  13:22  Baneling x6  
  182  13:30  Zergling x12  
  174  13:47  Drone, Spire  
  172  13:57  Drone x2  
  172  13:58  Drone  
  175  14:06  Extractor  
  174  14:16  Ultralisk x3  
  192  14:21  Queen  
  194  14:25  Extractor  
  174  15:01  Corruptor x7  
  171  15:27  Corruptor x4  
  179  15:32  Drone x2  
  179  15:38  Baneling  
  179  15:39  Baneling x2  
  179  15:40  Zergling x38  
  179  15:41  Zergling x4  
  200  15:53  Baneling x2  
Tags
 
Add a new tag
Caveats
  • Supply blocks, unpowered buildings, or Contaminate may cause inaccurate times.
  • Supply counts are checked every 10 seconds.